AoeStats
← martin.fischer.ac

Four Lakes

503176202Analyzed
4v4 RM · 1mo ago on Aug 30, 2026· 57m 52s· 8 players
Game mode
Random Map
Map size
Large (8 player)
Population
200
Speed
Normal
Resources
Standard
Victory
Conquest
Starting age
Dark Age
Ending age
Imperial Age
RankedLock teamsTeams togetherTeam positionsShared explorationLock speedFull tech treeHidden civsTurbo modeCheats
Victory
Defeat
🇩🇪 Byzantines · Germany
848
+12
🇨🇳 Turks · China
832
+13
🇿🇦 Japanese · South Africa
821
+13
🇦🇷 Franks · Argentina
715
+18
🇨🇭 Muisca · Switzerland
783
-15
🇮🇹 Vietnamese · Italy
781
-15
🇲🇽 Franks · Mexico
740
-13
🇩🇪 Teutons · Germany
736
-13
garciagtzcarlos
12:20 Loom
14:35 Feudal Age
15:05 Fishing Lines
15:14 Double-Bit Axe
22:41 Castle Age
21:54 Wheelbarrow
21:27 Stone Mining
21:28 Gold Mining
21:34 Gold Mining
24:54 Gillnets
30:40 Gold Shaft Mining
30:25 Hand Cart
31:19 Bow Saw
34:16 Imperial Age
32:18 Husbandry
32:39 Squires
31:59 Pikeman
32:25 Arson
35:46 Elite Throwing Axeman
36:46 #83
36:48 Conscription
37:47 Chivalry
37:26 Cavalier
38:33 Paladin
39:58 Scale Barding Armor
39:54 Scale Mail Armor
40:05 Forging
39:45 Fletching
39:56 Padded Archer Armor
39:54 Arrowslits
41:09 Chemistry
40:30 Ballistics
40:23 Clinker Construction
43:05 Chain Barding Armor
43:00 Chain Mail Armor
43:21 Iron Casting
42:41 Bodkin Arrow
43:56 Coinage
43:42 Caravan
matteo.dada
0:27 Loom
13:18 Feudal Age
14:06 Double-Bit Axe
15:04 Wheelbarrow
15:07 Gold Mining
20:06 Castle Age
18:31 Stone Mining
22:06 Bow Saw
21:39 Horse Collar
22:31 Elite Skirmisher
35:22 Imperial Age
35:41 Heavy Plow
35:44 Fletching
35:59 Padded Archer Armor
37:36 Imperial Skirmisher
40:41 Leather Archer Armor
40:23 Bodkin Arrow
45:08 Ring Archer Armor
Bukit Matterhorn
8:06 Loom
10:45 Feudal Age
11:36 Double-Bit Axe
11:34 Horse Collar
13:03 Wheelbarrow
13:52 Gold Mining
15:47 Forging
15:38 Scale Mail Armor
15:06 Champi Runner
16:36 Town Watch
20:16 Fletching
20:27 Padded Archer Armor
25:03 Castle Age
MKO82
0:29 Loom
13:55 Feudal Age
15:27 Wheelbarrow
14:34 Horse Collar
14:42 Double-Bit Axe
21:54 Castle Age
19:35 Man-at-Arms
20:26 Arson
21:06 Stone Mining
21:06 Gold Mining
22:48 Bow Saw
22:41 Heavy Plow
23:47 Squires
25:00 Pikeman
25:26 Gambesons
28:42 Stone Shaft Mining
29:20 Long Swordsman
32:03 Elite Skirmisher
36:54 Imperial Age
34:10 Town Watch
35:59 Hand Cart
35:45 Town Patrol
35:52 Scale Mail Armor
36:02 Forging
35:43 Fletching
35:53 Padded Archer Armor
37:45 Chain Mail Armor
38:05 Iron Casting
37:34 Caravan
38:05 Coinage
38:08 Crop Rotation
39:09 Two-Man Saw
38:35 Conscription
37:40 Halberdier
37:45 Imperial Skirmisher
38:47 Fortified Wall
40:06 Chemistry
39:17 Masonry
40:28 Banking
40:09 Guilds
41:09 Ballistics
40:40 Heated Shot
40:36 Arrowslits
42:08 Crenellations
42:41 Plate Mail Armor
43:28 Hoardings
43:16 Leather Archer Armor
45:47 Bodkin Arrow
47:42 Blast Furnace
46:28 Sappers
48:59 Bombard Tower
48:45 Siege Engineers
50:13 Ironclad
52:08 Two-Handed Swordsman
Fetworg
1:32 Loom
14:14 Feudal Age
15:05 Gold Mining
15:05 Stone Mining
15:05 Double-Bit Axe
20:42 Wheelbarrow
22:40 Castle Age
21:08 Arson
22:27 Forging
22:08 Fletching
22:23 Scale Barding Armor
22:11 Fishing Lines
24:38 Gillnets
24:58 Caravan
25:33 Bodkin Arrow
26:13 Iron Casting
25:39 Scale Mail Armor
26:09 Bow Saw
27:15 Chain Barding Armor
27:33 Hand Cart
27:03 Town Watch
31:14 Gold Shaft Mining
31:33 Husbandry
34:54 Imperial Age
32:25 Town Patrol
32:33 Town Patrol
33:08 Ballistics
32:41 Pikeman
33:22 Squires
32:46 Elite Skirmisher
35:25 Cavalier
37:18 Chemistry
36:56 Plate Barding Armor
38:06 Conscription
37:07 Elite Throwing Axeman
40:50 Blast Furnace
40:06 Chain Mail Armor
39:52 Padded Archer Armor
41:35 Paladin
46:24 Halberdier
53:13 Heavy Scorpion
56:13 Plate Mail Armor
55:58 Leather Archer Armor
Neytjie
4:47 Loom
12:16 Feudal Age
13:40 Double-Bit Axe
17:42 Castle Age
15:52 Gold Mining
15:53 Stone Mining
15:50 Fishing Lines
16:47 Horse Collar
18:23 Wheelbarrow
23:28 Gillnets
24:27 Gold Shaft Mining
24:35 Hand Cart
25:18 Town Watch
27:24 Bow Saw
30:25 Heavy Plow
34:17 Imperial Age
35:19 Conscription
35:21 Kataparuto
35:10 Siege Engineers
40:39 Chemistry
40:00 Ballistics
43:36 Two-Man Saw
55:17 Scale Mail Armor
55:28 Forging
54:49 Elite Samurai
58:08 Chain Mail Armor
58:28 Iron Casting
YellowyGnu8986
0:31 Loom
11:43 Feudal Age
13:09 Double-Bit Axe
17:44 Castle Age
16:37 Wheelbarrow
17:35 Gold Mining
17:36 Stone Mining
18:49 Bow Saw
27:44 Hand Cart
30:05 Gold Shaft Mining
34:57 Imperial Age
33:12 Caravan
35:22 Forging
35:03 Fletching
35:13 Padded Archer Armor
35:17 Squires
35:02 Arson
35:38 Thumb Ring
36:01 Conscription
37:33 Iron Casting
36:54 Bodkin Arrow
41:41 Blast Furnace
40:42 Bracer
40:58 Leather Archer Armor
42:00 Two-Man Saw
51:47 Ring Archer Armor
martin.fischer.ac
10:15 Loom
12:01 Feudal Age
16:36 Castle Age
14:53 Horse Collar
15:05 Double-Bit Axe
17:25 Husbandry
18:31 Wheelbarrow
19:18 Bow Saw
21:51 Gold Mining
23:41 Hand Cart
37:20 Imperial Age
38:25 Conscription
37:58 Capped Ram
38:31 Elite Skirmisher
41:36 Fletching
42:32 Ballistics
45:30 Thumb Ring
45:16 Cavalier
47:57 Chemistry
47:25 Bodkin Arrow
47:31 Padded Archer Armor
47:37 Scale Barding Armor
47:33 Scale Mail Armor
47:47 Paladin
56:37 Elite Cataphract
57:34 Stone Mining
58:19 Gold Shaft Mining
Connection lost

Rejoining the realm…

Still unreachable

The connection could not be restored.

Session expired

The server has moved on; the page needs a fresh start.